 Dungeon Crawl Stone Soup version 0.18.1-48-g4cf74bf (webtiles) character file.

45380 Jonno22 the Blocker (level 14, -4/111 HPs)
             Began as a Human Fighter on Aug 23, 2016.
             Was the Champion of the Shining One.
             Killed from afar by a bog body (14 damage)
             ... with a bolt of cold
             ... on level 2 of the Swamp.
             The game lasted 03:19:17 (20498 turns).

Jonno22 the Blocker (Human Fighter)                Turns: 20498, Time: 03:19:17

Health: -4/111     AC: 31    Str: 26    XL:     14   Next: 70%
Magic:  14/14      EV:  8    Int:  9    God:    the Shining One [******]
Gold:   531        SH: 25    Dex: 15    Spells: 0 memorised, 13 levels left

rFire  + . .     SeeInvis +     D - +7 war axe "Marotwat" {chop, rF+ Str+3}
rCold  . . .     Gourm    .     W - +5 plate armour of the Forsaken Lies {*Drain Str+4 Slay+2 SInv}
rNeg   + + +     Faith    .     x - +4 large shield
rPois  +         Spirit   .     o - +2 helmet {SInv}
rElec  .         Dismiss  +     q - +2 cloak {rPois}
rCorr  .         Reflect  .     J - +0 pair of gloves
SustAt .         Harm     .     a - +0 pair of boots
MR     +....                    y - amulet of dismissal
Stlth  ..........               f - ring of positive energy
                                g - +2 ring of protection

@: about to teleport, slowed, glowing, very slow, somewhat resistant to hostile
enchantments, extremely unstealthy
A: no striking features
a: Divine Shield, Cleansing Flame, Summon Divine Warrior, Brand Weapon With Holy
Wrath, Renounce Religion


You were on level 2 of the Swamp.
You worshipped the Shining One.
The Shining One was exalted by your worship.
You were not hungry.

You visited 4 branches of the dungeon, and saw 17 of its levels.
You also visited: Sewer.

You collected 1207 gold pieces.
You spent 676 gold pieces at shops.

Inventory:

Hand Weapons
 n - a +0 war axe of flaming
 D - the +7 war axe "Marotwat" (weapon) {chop, rF+ Str+3}
   (You found it on level 11 of the Dungeon)

   It inflicts extra damage upon your enemies.
   It affects your strength (+3).
   It protects you from fire.
 F - the +1 mace of Armageddon {holy, rElec rN+ Dex-5 SInv}
   (You found it on level 7 of the Dungeon)

   It has been blessed by the Shining One to cause great damage to the undead
   and demons.
   It affects your dexterity (-5).
   It insulates you from electricity.
   It protects you from negative energy.
   It lets you see invisible.
 R - the +7 quarterstaff of Mewut {flame, +Inv rElec Dex+5}
   (You found it on level 9 of the Dungeon)

   It has been specially enchanted to burn those struck by it, causing extra
   injury to most foes and up to half again as much damage against particularly
   susceptible opponents.
   It affects your dexterity (+5).
   It insulates you from electricity.
   It lets you turn invisible.
 V - a +5 morningstar of holy wrath
Missiles
 h - 12 javelins (quivered)
 l - 7 tomahawks of dispersal
Armour
 a - a +0 pair of boots (worn)
 o - a +2 helmet of see invisible (worn)
 q - a +2 cloak of poison resistance (worn)
 x - a +4 large shield (worn)
 J - a +0 pair of gloves (worn)
 W - the +5 plate armour of the Forsaken Lies (worn) {*Drain Str+4 Slay+2 SInv}
   (You took it off an orc priest on level 10 of the Dungeon)

   It affects your strength (+4).
   It affects your accuracy and damage with ranged weapons and melee attacks
   (+2).
   It lets you see invisible.
   It causes draining when unequipped.
Jewellery
 f - a ring of positive energy (right hand)
 g - a +2 ring of protection (left hand)
 t - an uncursed ring of protection from fire {unknown}
 y - an amulet of dismissal (around neck)
 X - an uncursed ring of protection from cold
Wands
 d - a wand of disintegration (8/24)
 e - a wand of lightning (7/15)
 p - a wand of polymorph (4/24)
 A - a wand of iceblast (11/15)
 H - a wand of paralysis (15/24)
Scrolls
 c - a scroll of magic mapping
 i - a scroll of torment {unknown}
 j - 2 scrolls of teleportation
 v - 3 scrolls of fog
 w - 5 scrolls of remove curse
 B - 5 scrolls of amnesia
 P - a scroll of summoning
Potions
 m - 2 potions of resistance
 r - a potion of agility
 G - 2 potions of flight
 O - 3 potions of brilliance
 Y - a potion of curing
 Z - a potion of magic {unknown}
Books
 b - a book of Callings

   Spells                             Type                      Level
   a - Summon Small Mammal            Summoning                    1
   b - Call Imp                       Summoning                    2
   c - Call Canine Familiar           Summoning                    3
   d - Summon Guardian Golem          Hexes/Summoning              3
   e - Summon Lightning Spire         Summoning/Air                4
   f - Summon Ice Beast               Ice/Summoning                4
 k - a book of the Tempests

   Spells                             Type                      Level
   a - Static Discharge               Conjuration/Air              3
   b - Lightning Bolt                 Conjuration/Air              5
   c - Fireball                       Conjuration/Fire             5
   d - Tornado                        Air                          9
   e - Shatter                        Earth                        9
 u - a book of the Tempests

   Spells                             Type                      Level
   a - Static Discharge               Conjuration/Air              3
   b - Lightning Bolt                 Conjuration/Air              5
   c - Fireball                       Conjuration/Fire             5
   d - Tornado                        Air                          9
   e - Shatter                        Earth                        9
 M - a Young Poisoner's Handbook

   Spells                             Type                      Level
   a - Sting                          Conjuration/Poison           1
   b - Cure Poison                    Poison                       2
   c - Mephitic Cloud                 Conjuration/Poison/Air       3
   d - Olgreb's Toxic Radiance        Poison                       4
   e - Venom Bolt                     Conjuration/Poison           5
 U - the Catalogue of Ashen Cold
   (You found it on level 11 of the Dungeon)

   Spells                             Type                      Level
   a - Sandblast                      Earth                        1
   b - Freeze                         Ice                          1
Miscellaneous
 s - a fan of gales
 N - a plain deck of changes
Comestibles
 z - 3 bread rations
 C - 10 royal jellies
 Q - a meat ration
 S - 5 fruits


   Skills:
 + Level 10.4 Fighting
   Level 3.0 Long Blades
 + Level 9.6(10.6) Axes
 + Level 7.5(9.7) Maces & Flails
   Level 2.2(2.8) Slings
 + Level 2.6(3.1) Throwing
 + Level 9.8 Armour
 + Level 5.5 Dodging
 + Level 1.6 Stealth
 + Level 14.7 Shields
 + Level 0.6 Evocations


You had 13 spell levels left.
You didn't know any spells.

Dungeon Overview and Level Annotations

Branches:
Dungeon (11/15)            Temple (1/1) D:4            Lair (3/8) D:8
  Swamp (2/4) Lair:3          Orc (0/2) D:11
  Snake: Lair:3-6    Spider: Lair:3-6

Altars:
Ashenzari
Cheibriados
Dithmenos
Elyvilon
Fedhas
Gozag
Kikubaaqudgha
Makhleb
Nemelex Xobeh
Okawaru
Pakellas
Qazlal
Ru
Sif Muna
Trog
Vehumet
Xom
Yredelemnul
Zin
The Shining One
Beogh

Shops:
D:7 ?*   D:9 }   D:11 *


Message History

The spriggan rider hits you but does no damage.
You block the spriggan rider's attack. You block the bog body's attack. x2
The spriggan rider hits you but does no damage.
The spriggan rider hits you from afar with a spear!
* * * LOW HITPOINT WARNING * * *
The bog body hits you.
* * * LOW HITPOINT WARNING * * *
The bog body touches you but does no damage.
The spriggan rider barely misses you.
As you read the scroll of teleportation, it crumbles to dust.
You feel strangely unstable.
The spriggan rider hits you but does no damage.
The bog body gestures at you while chanting.
The bolt of cold hits you!
* * * LOW HITPOINT WARNING * * *
You block the spriggan rider's attack.
The spriggan rider hits you but does no damage.
The bog body points at you and mumbles some strange words.
The bolt of cold hits you!
You die...

♣..♣♣♣ ♣♣...♣♣ ♣....♣♣
♣...... ♣.♣..♣♣ ♣.♣♣.♣♣
♣♣♣♣♣♣♣♣♣♣♣♣♣≈
♣♣♣♣♣♣.≈≈≈.♣♣♣ ♣♣♣≈
♣♣≈@≈≈≈≈≈≈§≈..♣♣♣≈≈≈
♣iin≈≈≈≈≈♣♣≈≈≈≈≈≈≈≈≈.
♣.≈≈i≈♣♣♣♣♣♣♣♣≈≈≈♣♣♣♣♣♣
..§≈§≈♣♣♣ ♣♣♣♣♣ ≈≈≈≈♣♣
≈≈♣♣ ♣


You could see 3 spriggan riders and a bog body.

Vanquished Creatures
  2 ghost crabs (Swamp:2)
  5 hydras
  Erolcha (D:11)
  2 centaur warriors (D:10)
  5 alligators
  A queen ant (Lair:3)
  3 hill giants
  Pikel (D:8)
  A swamp dragon (Swamp:1)
  2 ugly things (D:11)
  Joseph (D:10)
  2 black mambas
  8 spiny frogs
  The ghost of Iskender the Covert, a novice OpWn (Sewer)
  8 komodo dragons
  A troll (D:10)
  A queen bee (Lair:2)
  4 giant leeches
  2 two-headed ogres
  The ghost of Jonno22 the Shield-Bearer, an amateur HuFi (D:3)
  Prince Ribbit (D:5)
  9 slime creatures (Swamp:1)
  5 bog bodies
  Sigmund (D:5)
  A wyvern (D:11)
  2 spriggans
  A shadow (Swamp:2)
  9 yaks
  Grum (Lair:1)
  6 humans (D:9)
  13 vampire mosquitoes
  2 hungry ghosts
  3 hippogriffs
  11 insubstantial wisps
  Menkaure (D:5)
  10 swamp worms
  20 soldier ants (Lair:3)
  3 water moccasins
  5 porcupines
  A black bear (D:10)
  3 swamp drakes
  6 orc warriors
  13 ice beasts
  3 sky beasts
  3 wasps (Swamp:1)
  A phantom (D:10)
  2 necrophages (D:8)
  11 ogres
  An eye of draining (D:10)
  4 centaurs
  12 wolves
  3 crocodiles
  8 giant frogs
  3 water moccasin skeletons
  A scorpion (D:7)
  25 killer bees
  7 wights (D:8)
  8 electric eels (D:11)
  2 howler monkeys
  3 crimson imps
  A giant frog zombie (D:8)
  A quasit (D:9)
  2 centaur skeletons
  A centaur zombie (D:9)
  9 hounds
  A giant frog skeleton (D:9)
  9 orc priests
  Crazy Yiuf (D:3)
  2 jellies (D:10)
  Ijyb (D:2)
  Natasha (thrice) (D:4)
  8 iguanas
  2 orc wizards
  23 worker ants
  9 sheep
  A hound skeleton (D:9)
  Robin (D:2)
  18 adders
  8 gnolls
  A howler monkey skeleton (D:10)
  8 river rats
  2 shadow imps
  An ooze (D:2)
  2 adder skeletons
  2 worms (D:2)
  5 dart slugs
  5 giant geckos
  47 orcs
  9 ball pythons
  4 bat skeletons (D:6)
  A bat zombie (D:6)
  5 giant cockroaches
  23 goblins
  13 hobgoblins
  16 jackals
  5 kobolds
  4 quokkas
  8 bats
  5 giant newts
  2 quokka skeletons
  7 rats
  A butterfly (Lair:3)
  3 fungi (Lair:3)
556 creatures vanquished.

Vanquished Creatures (others)
  2 hydras (Swamp:2)
  A giant leech (Swamp:2)
  A slave (D:8)
  A sky beast (D:8)
  A wight (D:8)
  An orc priest (D:8)
  A worker ant zombie (D:8)
  A giant gecko (D:6)
  6 plants (D:11)
15 creatures vanquished.

Grand Total: 571 creatures vanquished

Notes
Turn   | Place    | Note
--------------------------------------------------------------
     0 | D:1      | Jonno22 the Human Fighter began the quest for the Orb.
     0 | D:1      | Reached XP level 1. HP: 18/18 MP: 1/1
   166 | D:1      | Reached XP level 2. HP: 19/24 MP: 2/2
   487 | D:1      | Reached XP level 3. HP: 25/29 MP: 3/3
  1030 | D:2      | Found a snail-covered altar of Cheibriados.
  1252 | D:2      | Reached XP level 4. HP: 35/35 MP: 4/4
  1275 | D:2      | Noticed Robin
  1432 | D:2      | Killed Robin
  1725 | D:2      | Noticed Ijyb
  1740 | D:2      | Killed Ijyb
  1740 | D:2      | Reached skill level 1 in Dodging
  1740 | D:2      | Reached XP level 5. HP: 40/41 MP: 5/5
  1858 | D:2      | Reached skill level 4 in Shields
  2196 | D:3      | Found a bloodstained altar of Trog.
  2260 | D:3      | Found a faded altar to an unknown god.
  2315 | D:3      | Noticed Jonno22's ghost (amateur HuFi)
  2344 | D:3      | HP: 2/41 [Jonno22's ghost (1)]
  2873 | D:3      | Killed Jonno22's ghost
  2873 | D:3      | Reached skill level 1 in Slings
  2873 | D:3      | Reached XP level 6. HP: 43/48 MP: 6/6
  3014 | D:3      | Reached XP level 7. HP: 54/54 MP: 7/7
  3164 | D:3      | Noticed Crazy Yiuf
  3172 | D:3      | Killed Crazy Yiuf
  3710 | D:4      | Reached skill level 1 in Maces & Flails
  3958 | D:4      | Noticed Natasha
  3970 | D:4      | Killed Natasha
  3970 | D:4      | Reached skill level 5 in Shields
  4156 | D:4      | Noticed Natasha
  4164 | D:4      | Killed Natasha
  4304 | D:4      | Noticed Natasha
  4305 | D:4      | Found a staircase to the Ecumenical Temple.
  4318 | D:4      | Killed Natasha
  4333 | Temple   | Entered the Ecumenical Temple
  4408 | Temple   | Became a worshipper of the Shining One
  4611 | D:4      | Reached XP level 8. HP: 49/61 MP: 8/8
  4715 | D:5      | Entered Level 5 of the Dungeon
  4722 | D:5      | Noticed Sigmund
  4742 | D:5      | Killed Sigmund
  4742 | D:5      | Reached skill level 6 in Shields
  4923 | D:5      | Found a glowing drain.
  4968 | D:5      | Reached skill level 5 in Armour
  5001 | Sewer    | Entered a sewer
  5001 | Sewer    | Noticed Iskender's ghost (novice OpWn)
  5071 | Sewer    | Killed Iskender's ghost
  5394 | Sewer    | Reached skill level 7 in Shields
  5394 | Sewer    | Reached XP level 9. HP: 40/66 MP: 9/9
  5751 | D:5      | Noticed Prince Ribbit
  6112 | D:5      | HP: 2/67 [orc priest/nerve-wracking pain (11)]
  6258 | D:5      | Noticed Menkaure
  6272 | D:5      | Killed Menkaure
  6272 | D:5      | Reached skill level 5 in Fighting
  6492 | D:5      | Killed Prince Ribbit
  6492 | D:5      | Reached skill level 1 in Throwing
  6803 | D:6      | HP: 1/68 [orc priest/nerve-wracking pain (8)]
  7237 | D:6      | Reached * piety under the Shining One
  7261 | D:6      | Found an ancient bone altar of Kikubaaqudgha.
  7366 | D:6      | Reached skill level 8 in Shields
  7469 | D:6      | Found a white marble altar of Elyvilon.
  8091 | D:7      | Got a jewelled mace
  8094 | D:7      | Identified the +1 mace of Armageddon {holy, rElec rN+ Dex-5 SInv} (You found it on level 7 of the Dungeon)
  8294 | D:7      | Reached XP level 10. HP: 73/75 MP: 10/10
  8318 | D:7      | Found Vikhlas's Magic Scroll Shop.
  8331 | D:7      | Bought a scroll of identify for 26 gold pieces
  8331 | D:7      | Bought a scroll of identify for 26 gold pieces
  8331 | D:7      | Bought a scroll of remove curse for 39 gold pieces
  8331 | D:7      | Bought a scroll of identify for 26 gold pieces
  8331 | D:7      | Bought a scroll of amnesia for 45 gold pieces
  8331 | D:7      | Bought a scroll of recharging for 123 gold pieces
  8358 | D:7      | You fall through a shaft for 2 floors!
  8564 | D:9      | Reached skill level 9 in Shields
  8656 | D:9      | Reached skill level 5 in Maces & Flails
  8845 | D:9      | Found a radiant altar of Vehumet.
  9011 | D:9      | Found an oddly glowing altar of Pakellas.
  9011 | D:9      | Found Pakellas's Prime Provisions.
  9103 | D:9      | Found an opulent altar of Gozag.
  9231 | D:9      | Got a crude quarterstaff
  9466 | D:8      | Found a staircase to the Lair.
  9472 | D:8      | Reached ** piety under the Shining One
  9484 | D:8      | Identified the +7 quarterstaff of Mewut {flame, +Inv rElec Dex+5} (You found it on level 9 of the Dungeon)
  9536 | D:8      | Noticed Joseph
  9773 | D:8      | Reached skill level 10 in Shields
  9843 | D:8      | Found a sparkling altar of Nemelex Xobeh.
  9922 | D:8      | Noticed Pikel
  9958 | D:8      | Killed Pikel
  9960 | D:8      | Reached XP level 11. HP: 40/83 MP: 11/11
 10049 | D:8      | Reached *** piety under the Shining One
 10626 | D:7      | Found a deep blue altar of Sif Muna.
 10668 | D:7      | Found Usasym's Serpentskin Sales.
 11005 | D:10     | Entered Level 10 of the Dungeon
 11027 | D:10     | Found a sparkling altar of Nemelex Xobeh.
 11112 | D:10     | Noticed a hill giant
 11140 | D:10     | Killed a hill giant
 11872 | D:10     | Noticed a centaur warrior
 11897 | D:10     | Killed a centaur warrior
 11897 | D:10     | Reached skill level 11 in Shields
 12094 | D:10     | Noticed a centaur warrior
 12305 | D:10     | Killed a centaur warrior
 12591 | D:10     | Got a scorched plate armour
 12602 | D:10     | Identified the +5 plate armour of the Forsaken Lies {*Drain Str+4 Slay+2 SInv} (You took it off an orc priest on level 10 of the Dungeon)
 12813 | D:10     | Killed Joseph
 12862 | D:10     | Reached **** piety under the Shining One
 12904 | D:10     | Reached skill level 1 in Axes
 12947 | D:10     | Found a roughly hewn altar of Beogh.
 13279 | D:11     | Noticed a green ugly thing
 13304 | D:11     | Reached XP level 12. HP: 83/91 MP: 12/12
 13814 | D:11     | Got a smoking war axe
 13840 | D:11     | Identified the +7 war axe "Marotwat" {chop, rF+ Str+3} (You found it on level 11 of the Dungeon)
 13873 | D:11     | Got an encrusted hand crossbow
 13894 | D:11     | Reached skill level 12 in Shields
 13934 | D:11     | Identified the cursed +2 hand crossbow "Sofouq" {venom, rN+ Str+2 Dex+3} (You found it on level 11 of the Dungeon)
 13982 | D:11     | Reached skill level 5 in Dodging
 13995 | D:11     | Noticed Erolcha
 14343 | D:11     | Found a staircase to the Orcish Mines.
 14404 | D:11     | Found a stormy altar of Qazlal.
 14431 | D:11     | Found Edigyet's Assorted Antiques.
 14437 | D:11     | Bought a scroll of identify for 68 gold pieces
 14437 | D:11     | Bought a scroll of enchant armour for 255 gold pieces
 14437 | D:11     | Bought a scroll of identify for 68 gold pieces
 14664 | D:11     | Identified the Catalogue of Ashen Cold
 14746 | D:11     | Killed Erolcha
 15459 | D:9      | Reached skill level 1 in Stealth
 15590 | Lair:1   | Entered Level 1 of the Lair of Beasts
 15604 | Lair:1   | Reached skill level 5 in Axes
 15991 | Lair:1   | Noticed Grum
 16001 | Lair:1   | Killed Grum
 16209 | Lair:1   | Reached XP level 13. HP: 42/99 MP: 13/13
 16786 | Lair:2   | Got a crude hand axe
 16787 | Lair:2   | Identified the +6 hand axe of Focus {venom, Dex+4} (You found it on level 2 of the Lair of Beasts)
 17533 | Lair:3   | Reached ***** piety under the Shining One
 17539 | Lair:3   | Reached skill level 13 in Shields
 17558 | Lair:3   | Found a staircase to the Swamp.
 18314 | Swamp:1  | Entered Level 1 of the Swamp
 18315 | Swamp:1  | Noticed a seven-headed hydra
 18325 | Swamp:1  | Killed a one-headed hydra
 18682 | Swamp:1  | Noticed a five-headed hydra
 18692 | Swamp:1  | Killed a one-headed hydra
 18692 | Swamp:1  | Reached XP level 14. HP: 91/109 MP: 14/14
 19118 | Swamp:1  | Reached skill level 14 in Shields
 19583 | Swamp:1  | Reached skill level 10 in Fighting
 20158 | Swamp:2  | Reached ****** piety under the Shining One
 20498 | Swamp:2  | Killed from afar by a bog body

Skill      XL: |  1  2  3  4  5  6  7  8  9 10 11 12 13 14 |
---------------+-------------------------------------------+-----
Dodging        | 1 2 3 4 5 |  5.5
Shields        | 4 5 7 8 10 11 12 13 14 | 14.7
Long Blades    | 3 |  3.0
Fighting       | 4 5 6 7 8 9 10 | 10.4
Slings         | 1 2 |  2.2
Armour         | 4 5 6 7 8 9 |  9.8
Maces & Flails | 1 3 4 6 7 |  7.5
Throwing       | 1 2 |  2.6
Axes           | 1 6 8 9 |  9.6
Stealth        | 1 |  1.6
Evocations     | |  0.6

Action                   |  1- 3 |  4- 6 |  7- 9 | 10-12 | 13-15 || total
-------------------------+-------+-------+-------+-------+-------++-------
Melee: Long sword        |   115 |   122 |       |       |       ||   237
       Mace              |       |    52 |   696 |   681 |       ||  1429
       War axe           |       |       |       |   318 |   482 ||   800
       Morningstar       |       |       |       |    36 |    15 ||    51
 Fire: Hunting sling     |       |    26 |       |       |       ||    26
Throw: Javelin           |       |       |    22 |    20 |     8 ||    50
Evoke: Wand              |       |       |       |       |     7 ||     7
  Use: Scroll            |     3 |     5 |     8 |    15 |    19 ||    50
       Potion            |       |     1 |     6 |     5 |     4 ||    16
 Stab: Sleeping          |       |     1 |       |       |       ||     1
  Eat: Bread ration      |     1 |       |     2 |     8 |       ||    11
       Fruit             |       |     3 |     1 |       |       ||     4
       Chunk             |       |       |    10 |       |       ||    10
       Beef jerky        |       |       |     1 |     2 |       ||     3
       Pizza             |       |       |       |     1 |     1 ||     2
       Royal jelly       |       |       |       |       |     2 ||     2
       Meat ration       |       |       |       |       |     2 ||     2
Armor: Scale mail        |    21 |       |       |       |       ||    21
       Ring mail         |    24 |    69 |       |       |       ||    93
       Chain mail        |       |    40 |   505 |       |       ||   545
       Plate armour      |       |       |    94 |   484 |   273 ||   851
Dodge: Dodged            |    30 |    67 |   179 |   160 |   133 ||   569
Block: Shield            |    54 |   104 |    13 |       |       ||   171
       Large shield      |       |       |   791 |  1012 |   660 ||  2463
